 Dungeon Sprint DCSS version 0.19.0-24-gb05acd6 (webtiles) character file.

1311 igo the Carver (level 8, -4/56 HPs)
             Began as a Gargoyle Gladiator on Nov 21, 2016.
             Was a Believer of Okawaru.
             Killed from afar by Josephine (10 damage)
             ... with a ghostly fireball
             ... in the Dungeon (Sprint IX: "|||||||||||||||||||||||||||||").
             The game lasted 00:03:39 (338 turns).

igo the Carver (Gargoyle Gladiator)                  Turns: 338, Time: 00:03:40

Health: -4/56      AC: 27    Str: 21    XL:     8   Next: 58%
Magic:  6/8        EV: 12    Int:  9    God:    Okawaru [**....]
Gold:   0          SH:  0    Dex: 16    Spells: 0 memorised, 7 levels left

rFire  . . .     SeeInvis .     u - +2 scimitar (flame)
rCold  . . .     Gourm    .     l - +3 plate armour
rNeg   + . .     Faith    .     (no shield)
rPois  ∞         Spirit   .     w - +0 helmet
rElec  +         Reflect  .     (no cloak)
rCorr  .         Harm     .     v - +0 pair of gloves
MR     .....     NoTele   +     (no boots)
Stlth  ..........               (no amulet)
                                z - +3 ring of dexterity
                                y - +3 ring of dexterity

@: heroism, heavily drained
A: negative energy resistance 1, electricity resistance, unbreathing,
petrification resistance, rot immunity, AC +5
a: Heroism, Renounce Religion


You were in the Dungeon.
You worshipped Okawaru.
Okawaru was pleased with you.
You were not hungry.

You visited 1 branch

Inventory:

Hand Weapons
 a - a +0 long sword
 r - a +2 morningstar of protection
 s - a +4 quarterstaff of speed
 t - a +2 rapier of electrocution
 u - a +2 scimitar of flaming (weapon)
Missiles
 d - 3 throwing nets (quivered)
Armour
 b - a +0 leather armour
 c - a +0 helmet
 l - a +3 plate armour (worn)
 v - a +0 pair of gloves (worn)
 w - a +0 helmet (worn)
 x - a +0 plate armour of cold resistance
 A - a +0 troll leather armour
Magical Staves
 q - an uncursed staff of energy
Jewellery
 y - a +3 ring of dexterity (left hand)
 z - a +3 ring of dexterity (right hand)
Wands
 p - a wand of iceblast (7/15)
Scrolls
 k - 2 scrolls of blinking
 n - 3 scrolls of remove curse
 o - 2 scrolls of amnesia
Potions
 e - 5 potions of curing
 g - 2 potions of heal wounds
 h - a potion of haste
 i - 4 potions of magic
 j - a potion of berserk rage
 m - a potion of invisibility
Comestibles
 f - a bread ration


   Skills:
 + Level 9.3(12.4) Fighting
 * Level 11.1(14.1) Long Blades
 - Level 1.7(5.1) Throwing
 + Level 9.7(12.7) Armour
 + Level 6.8(10.0) Dodging


You had 7 spell levels left.
You didn't know any spells.

Dungeon Overview and Level Annotations

Branches:
Dungeon (1/1)

Altars:
Cheibriados
Dithmenos
Elyvilon
Fedhas
Gozag
Hepliaklqana
Kikubaaqudgha
Makhleb
Nemelex Xobeh
Okawaru
Qazlal
Ru
Sif Muna
Trog
Uskayaw
Vehumet
Xom
Yredelemnul
Zin
The Shining One
Beogh
Jiyva
Lugonu

Annotations:
D Josephine


Innate Abilities, Weirdness & Mutations

You are resistant to torment.
Your stone body is resilient. (AC +5)
You are immune to poison.
You resist negative energy. (rN+)
You are resistant to electric shocks. (rElec)
You can survive without breathing.
You are immune to petrification.
You are immune to rotting.


Message History

You partially resist.
You feel drained.
* * * LOW HITPOINT WARNING * * *
The ghostly fireball engulfs Josephine.
Josephine completely resists.
You hit Josephine. You burn Josephine.
Josephine is heavily wounded.
Josephine barely misses you.
You slice Josephine!! You burn Josephine.
Josephine is almost dead.
Josephine is infused with unholy energy.
* * * LOW HITPOINT WARNING * * *
Josephine draws life force from you and is healed!
You slash Josephine! You burn Josephine.
Josephine is almost dead.
Unknown command.
You closely miss Josephine.
Josephine is almost dead.
Josephine points at you and mumbles some strange words.
The ghostly flame explodes!
The ghostly fireball engulfs you! You partially resist.
You feel drained.
You die...

▓▓▓▓▓▓▓▓▓▓▓▓▓▓▓▓▓▓▓▓▓▓▓▓▓▓▓▓▓▓▓▓▓
.'._______________________'....)'
▓▓▓▓▓▓▓▓▓▓▓▓▓▓▓▓▓▓▓▓▓▓▓▓▓▓▓▓▓▓▓▓▓
................@@WW....
▓▓▓▓▓▓▓▓▓▓▓▓▓▓▓▓▓▓▓▓▓▓▓▓


You could see Josephine and 2 wraiths.

Vanquished Creatures
  A troll (D)
  A hippogriff (D)
  A yak (D)
  2 wraiths (D)
  2 orc warriors (D)
  A phantom (D)
  An eye of draining (D)
  A wight (D)
  A jelly (D)
  A gnoll shaman (D)
  A worker ant (D)
  A shadow imp (D)
  An adder skeleton (D)
  A leopard gecko (D)
  An orc (D)
  A giant cockroach (D)
  A giant cockroach zombie (D)
  4 rats (D)
23 creatures vanquished.

Notes
Turn   | Place    | Note
-------+----------+-------------------------------------------
     0 | D        | igo the Gargoyle Gladiator began the quest for the Orb.
     0 | D        | Reached XP level 1. HP: 12/12 MP: 1/1
     7 | D        | Reached skill level 3 in Long Blades
     7 | D        | Reached skill level 1 in Armour
    21 | D        | Noticed a worker ant
    21 | D        | Noticed a gnoll shaman
    31 | D        | Reached XP level 2. HP: 13/19 MP: 2/2
    32 | D        | Reached skill level 4 in Long Blades
    45 | D        | Reached XP level 3. HP: 14/24 MP: 3/3
    50 | D        | Reached skill level 5 in Long Blades
    50 | D        | Reached skill level 5 in Armour
    50 | D        | Reached XP level 4. HP: 16/29 MP: 4/4
    56 | D        | Found a roughly hewn altar of Beogh.
    56 | D        | Found a snail-covered altar of Cheibriados.
    56 | D        | Found a shadowy altar of Dithmenos.
    56 | D        | Found a white marble altar of Elyvilon.
    56 | D        | Found a blossoming altar of Fedhas.
    56 | D        | Found an opulent altar of Gozag.
    57 | D        | Found a hazy altar of Hepliaklqana.
    58 | D        | Found a viscous altar of Jiyva.
    59 | D        | Found an ancient bone altar of Kikubaaqudgha.
    60 | D        | Found a corrupted altar of Lugonu.
    61 | D        | Found a burning altar of Makhleb.
    62 | D        | Found a sparkling altar of Nemelex Xobeh.
    63 | D        | Found an iron altar of Okawaru.
    64 | D        | Found a stormy altar of Qazlal.
    65 | D        | Found a sacrificial altar of Ru.
    66 | D        | Found a deep blue altar of Sif Muna.
    67 | D        | Found a bloodstained altar of Trog.
    68 | D        | Found a hide-covered altar of Uskayaw.
    69 | D        | Found a radiant altar of Vehumet.
    70 | D        | Found a shimmering altar of Xom.
    71 | D        | Became a worshipper of Warmaster Okawaru
    72 | D        | Found a basalt altar of Yredelemnul.
    73 | D        | Found a glowing silver altar of Zin.
    74 | D        | Found a glowing golden altar of the Shining One.
   133 | D        | Noticed a wraith
   133 | D        | Noticed a troll
   133 | D        | Noticed a yak
   133 | D        | Noticed an eye of draining
   139 | D        | Killed an eye of draining
   139 | D        | Reached skill level 5 in Fighting
   139 | D        | Reached skill level 6 in Long Blades
   139 | D        | Reached XP level 5. HP: 28/35 MP: 0/5
   148 | D        | Killed a yak
   148 | D        | Reached skill level 8 in Long Blades
   148 | D        | Reached XP level 6. HP: 31/42 MP: 1/6
   149 | D        | Reached * piety under Okawaru
   160 | D        | Killed a troll
   160 | D        | Reached skill level 9 in Long Blades
   160 | D        | Reached skill level 5 in Dodging
   160 | D        | Reached XP level 7. HP: 31/48 MP: 0/7
   166 | D        | Killed a wraith
   218 | D        | Noticed a hippogriff
   226 | D        | Reached skill level 10 in Long Blades
   230 | D        | Reached XP level 8. HP: 54/55 MP: 4/8
   242 | D        | Killed a hippogriff
   242 | D        | Reached ** piety under Okawaru
   306 | D        | Noticed a wraith
   307 | D        | Noticed a wraith
   308 | D        | Noticed Josephine
   309 | D        | Noticed a wraith
   321 | D        | Killed a wraith
   321 | D        | Reached skill level 11 in Long Blades
   338 | D        | Killed from afar by Josephine

Skill      XL: |  1  2  3  4  5  6  7  8 |
---------------+-------------------------+-----
Long Blades    | 3 4 5 6 8 9 10 11 | 11.1
Armour         | 2 4 5 6 7 8 9 |  9.7
Fighting       | 3 4 5 6 7 8 9 |  9.3
Dodging        | 3 4 5 6 |  6.8
Throwing       | |  1.7

Action                   |  1- 3 |  4- 6 |  7- 9 || total
-------------------------+-------+-------+-------++-------
Melee: Long sword        |    37 |       |       ||    37
       Scimitar          |       |    24 |    61 ||    85
       Punch             |       |       |     1 ||     1
Invok: Heroism           |       |     1 |     2 ||     3
  Use: Potion            |       |     1 |       ||     1
Armor: Leather armour    |    14 |       |       ||    14
       Plate armour      |       |    19 |    24 ||    43
Dodge: Dodged            |    27 |     9 |    20 ||    56
       Rpst.: Long sword |    11 |       |       ||    11
       Scimitar          |       |     3 |     3 ||     6
